 Dungeon Crawl Stone Soup version 0.19-a0-1128-gc4a0c12 (webtiles) character file.

1094 Jmtri7 the Nimble (level 8, 0/56 HPs)
             Began as a Demonspawn Gladiator on Aug 12, 2016.
             Was an Initiate of Gozag.
             Slain by a gnoll sergeant
             ... wielding a +0 spear of piercing
              (11 damage)
             ... on level 5 of the Dungeon.
             The game lasted 00:15:19 (5152 turns).

Jmtri7 the Nimble (Demonspawn Gladiator)            Turns: 5152, Time: 00:15:20

Health: 0/56       AC: 11    Str: 19    XL:     8   Next: 10%
Magic:  8/8        EV: 18    Int:  9    God:    Gozag
Gold:   162        SH:  0    Dex: 17    Spells: 0 memorised, 7 levels left

rFire  . . .     SeeInvis .     y - +8 war axe of Battle {elec, *Rage MR++ Str+4}
rCold  + . .     Gourm    .     b - +0 leather armour
rNeg   . . .     Faith    .     (no shield)
rPois  .         Spirit   .     (helmet restricted)
rElec  .         Dismiss  .     g - +1 cloak
rCorr  .         Reflect  .     (no gloves)
SustAt .         Harm     .     (no boots)
MR     ++...     Rnd*Rage +     (no amulet)
Stlth  +.........               (no ring)
                                (no ring)

@: sanguine armour
A: antennae 1, cold resistance 1, foul stench 1, rot immunity, sanguine armour 1
a: Potion Petition, Call Merchant, Bribe Branch, Renounce Religion


You were on level 5 of the Dungeon.
You worshipped Gozag.
Gozag was aware of your devotion.
You were near starving.

You visited 2 branches of the dungeon, and saw 6 of its levels.
You also visited: Ossuary.

You collected 736 gold pieces.
You spent 525 gold pieces at shops.
You paid 49 gold pieces to Gozag.

Inventory:

Hand Weapons
 o - a +0 scimitar
 y - the +8 war axe of Battle (weapon) {elec, *Rage MR++ Str+4}
   (You bought it in a shop on level 5 of the Dungeon)

   Occasionally, upon striking a foe, it will discharge some electrical energy
   and cause terrible harm.
   It affects your strength (+4).
   It affects your resistance to hostile enchantments.
   It may make you go berserk in combat.
Missiles
 d - 3 throwing nets (quivered)
Armour
 b - a +0 leather armour (worn)
 g - a +1 cloak (worn)
Wands
 B - a wand of confusion (18/48)
Scrolls
 e - 6 scrolls of identify
 h - 4 scrolls of noise
 j - a scroll of enchant armour
 l - a scroll of vulnerability {unknown}
 m - a scroll of fear {unknown}
 p - a scroll of magic mapping {unknown}
 q - 4 scrolls of enchant weapon {unknown}
 r - a scroll of amnesia {unknown}
 u - a scroll of summoning {unknown}
 A - a scroll of random uselessness {unknown}
 C - a scroll of recharging
Potions
 a - 3 potions of flight {unknown}
 c - a potion of cancellation {unknown}
 i - a potion of berserk rage {unknown}
 k - 2 potions of lignification {unknown}
 s - 2 potions of might {unknown}
 t - 2 potions of haste
 v - 2 potions of cure mutation {unknown}
 w - 2 potions of magic {unknown}
 x - 2 potions of degeneration {unknown}
 z - a potion of brilliance {unknown}
 D - a potion of ambrosia {unknown}
Comestibles
 f - 5 bread rations
 n - 5 meat rations


   Skills:
 - Level 2.0 Fighting
 - Level 2.6 Long Blades
 - Level 1.7 Throwing
 + Level 9.2 Dodging


You had 7 spell levels left.
You didn't know any spells.

Dungeon Overview and Level Annotations

Branches:
Dungeon (5/15)             Temple (1/1) D:4

Altars:
Ashenzari
Dithmenos
Elyvilon
Fedhas
Gozag
Hepliaklqana
Kikubaaqudgha
Makhleb
Okawaru
Qazlal
Ru
Sif Muna
Trog
Uskayaw
Vehumet
Xom
Zin
The Shining One

Shops:
D:5 *


Innate Abilities, Weirdness & Mutations

You have a pair of small antennae on your head.
Your flesh is cold resistant. (rC+)
You may emit foul miasma when damaged in melee.
You are immune to rotting.
When seriously injured, your bleeding wounds create armour. (AC +6)


Message History

You barely miss the gnoll sergeant.
The gnoll sergeant is no longer distracted by gold.
The gnoll sergeant is moderately wounded.
You slash the gnoll!
You kill the gnoll!
The gnoll sergeant closely misses you.
The gnoll sergeant hits you but does no damage.
You hit the gnoll sergeant but do no damage.
The gnoll sergeant is moderately wounded.
The gnoll sergeant hits you but does no damage.
You slash the gnoll sergeant!
The gnoll sergeant is heavily wounded.
The gnoll sergeant hits you with a spear of piercing!
* * * LOW HITPOINT WARNING * * *
x2 The gnoll sergeant looks sick.
The gnoll sergeant misses you.
You barely miss the gnoll sergeant.
The gnoll sergeant is heavily wounded.
The gnoll sergeant hits you with a spear of piercing!
You die...
Your body crumbles into a pile of gold.

....## .....##
#..... ##....#
# # #.....##.#
#.#..........
#....g..##.#
#..###.@$....#
#......$..###
###.##.##.#
#.##.# #######
#....# #.....#
#.##.##.#.....#
+.>.....#.....#
+....####.....#
+.####
#.###.### #


You could see a gnoll sergeant.

Vanquished Creatures
  3 water moccasin zombies (Ossuary)
  A howler monkey (D:4)
  A vampire bat (D:4)
  A centaur zombie (D:4)
  A hound (D:3)
  An orc priest (D:5)
  2 centaur skeletons (D:4)
  3 orc wizards
  Jessica (D:3)
  An iguana (D:4)
  4 worker ants (D:4)
  3 big kobold zombies (Ossuary)
  2 mummies (Ossuary)
  A howler monkey skeleton (D:4)
  A worker ant zombie (D:4)
  3 gnolls (D:5)
  7 adders
  2 worm zombies (D:4)
  13 adder zombies
  An adder skeleton (D:4)
  A worm (D:3)
  4 dart slugs
  3 fire bats (D:4)
  4 giant geckos
  6 orcs
  2 spectral bats (D:4)
  3 bat skeletons (D:4)
  A bat zombie (D:4)
  2 giant cockroaches
  3 gnoll zombies (Ossuary)
  2 goblins (D:3)
  8 hobgoblins
  4 jackals (D:3)
  A quokka (D:2)
  2 ball pythons
  18 bats
  A bat simulacrum (D:4)
  A giant gecko skeleton (D:4)
  4 giant newts
  6 hobgoblin zombies (Ossuary)
  A jackal zombie (D:4)
  11 kobolds
  9 kobold zombies (Ossuary)
  2 orc zombies (Ossuary)
  7 rats
158 creatures vanquished.

Vanquished Creatures (others)
  A worker ant zombie (D:4)
1 creature vanquished.

Grand Total: 159 creatures vanquished

Notes
Turn   | Place    | Note
-------+----------+-------------------------------------------
     0 | D:1      | Jmtri7 the Demonspawn Gladiator began the quest for the Orb.
     0 | D:1      | Reached XP level 1. HP: 16/16 MP: 1/1
    56 | D:1      | Reached skill level 3 in Dodging
   319 | D:1      | Gained mutation: You are immune to rotting. [demonic ancestry]
   319 | D:1      | Reached XP level 2. HP: 19/22 MP: 2/2
   929 | D:2      | Found a shattered altar of Ashenzari.
  1216 | D:2      | Reached XP level 3. HP: 23/27 MP: 3/3
  1226 | D:2      | Reached skill level 4 in Dodging
  1537 | D:3      | Noticed Jessica
  1544 | D:3      | Killed Jessica
  1544 | D:3      | Reached XP level 4. HP: 11/33 MP: 4/4
  1743 | D:3      | Found a shimmering altar of Xom.
  1745 | D:3      | Noticed an angel
  1749 | D:3      | Found a glowing silver altar of Zin.
  1861 | D:3      | Reached skill level 5 in Dodging
  1871 | D:3      | Gained mutation: Your flesh is cold resistant. (rC+) [demonic ancestry]
  1871 | D:3      | Reached XP level 5. HP: 20/38 MP: 5/5
  2384 | D:3      | Found a burning altar of Makhleb.
  2930 | D:4      | Reached skill level 6 in Dodging
  3067 | D:4      | Found a staircase to the Ecumenical Temple.
  3072 | Temple   | Entered the Ecumenical Temple
  3129 | Temple   | Became a worshipper of Gozag Ym Sagoz the Greedy
  3158 | D:4      | Gained mutation: You have a pair of small antennae on your head. [demonic ancestry]
  3158 | D:4      | Reached XP level 6. HP: 20/44 MP: 6/6
  3314 | D:4      | Found a sand-covered staircase.
  3345 | Ossuary  | Entered an ossuary
  3648 | Ossuary  | Reached skill level 7 in Dodging
  3670 | Ossuary  | Gained mutation: When seriously injured, your bleeding wounds create armour. (AC +6) [demonic ancestry]
  3670 | Ossuary  | Reached XP level 7. HP: 16/50 MP: 7/7
  4167 | D:4      | Found a sacrificial altar of Ru.
  4235 | D:4      | Reached skill level 8 in Dodging
  4725 | D:5      | Entered Level 5 of the Dungeon
  4725 | D:5      | Found Vuzxumaf's Assorted Antiques.
  4733 | D:5      | Bought an encrusted war axe for 255 gold pieces
  4733 | D:5      | Bought a warped scale mail for 270 gold pieces
  4743 | D:5      | Identified the cursed +0 scale mail of Hoothriux {+Inv rPois rF-} (You bought it in a shop on level 5 of the Dungeon)
  4743 | D:5      | Identified the +8 war axe of Battle {elec, *Rage MR++ Str+4} (You bought it in a shop on level 5 of the Dungeon)
  4893 | D:5      | Gained mutation: You may emit foul miasma when damaged in melee. [demonic ancestry]
  4893 | D:5      | Reached XP level 8. HP: 56/56 MP: 8/8
  4917 | D:5      | Reached skill level 9 in Dodging
  5152 | D:5      | Slain by a gnoll sergeant

Vault maps used:
D:1:      dpeg_arrival_ternary
D:2:      lemuel_doored_altar, minmay_misc_feat_chi, minmay_heptomino_l4
D:3:      grunt_temple_overflow_order_and_chaos_1, makhleb_blood_cavern_becter,
          first_bread, uniq_jessica
D:4:      nicolae_ru_the_path_less_chosen, serial_undead, serial_undead_b,
          serial_undead_f, serial_undead_f, serial_undead_a, serial_undead_f,
          serial_undead_f, serial_undead_c, serial_undead_d, enter_ossuary_3,
          goddamned_bats
D:5:      overflow_temple_1_default, serial_shops, shop,
          kennysheep_cluttered_room, minivault_24, dk_rats_in_the_wall
Temple:   dshaligram_water_room_temple
Ossuary:  ossuary_tomb_2

Skill      XL: |  1  2  3  4  5  6  7  8 |
---------------+-------------------------+-----
Dodging        | 3 4 5 6 7 8 9 |  9.2
Fighting       | |  2.0
Long Blades    | |  2.6
Throwing       | |  1.7

Action                   |  1- 3 |  4- 6 |  7- 9 || total
-------------------------+-------+-------+-------++-------
Melee: Long sword        |   161 |   119 |       ||   280
       Scimitar          |       |   196 |   230 ||   426
       Mace              |       |    10 |       ||    10
       War axe           |       |       |    20 ||    20
  Use: Scroll            |       |     5 |     1 ||     6
 Stab: Sleeping          |       |       |     1 ||     1
  Eat: Chunk             |     2 |     4 |       ||     6
       Bread ration      |       |     1 |       ||     1
       Pizza             |       |       |     2 ||     2
Armor: Leather armour    |    29 |    70 |    52 ||   151
Dodge: Dodged            |    95 |   210 |   212 ||   517
